 Dungeon Crawl Stone Soup: Circus Animals version 1.7-37-g2c94cca (webtiles) character file.

14336 Ihatecarrots00 the Cleaver (level 18, -3/245 HPs) *EASY*
             Began as a Lava Orc Berserker on Sept 9, 2016.
             Was the Champion of Trog.
             Slain by a snapping turtle (9 damage)
             ... on level 4 of the Shoals.
             The game lasted 01:46:12 (30975 turns).

Ihatecarrots00 the Cleaver (Lava Orc Berserker)    Turns: 30975, Time: 01:46:13

Health: -3/245     AC: 23    Str: 26    XL:     18   Next: 24%
Magic:  100/100    EV:  7    Int:  9    God:    Trog [******]
Gold:   71         SH:  0    Dex: 12    Spells: 0 memorised, 17 levels left

rFire  + + +     rPois    +     b - +9 battleaxe (flame)
rCold  x . .     rElec    +     H - +2 plate armour {rPois}
rNeg   . . .     rCorr    .     (shield currently unavailable) MagicSh . . . SeeInvis .
                                o - +2 helmet "Fesuom" {-Cast RegenHP+ Dex+2} StaminaSh . . . Faith .
                                (no cloak) RegenHP ++++++....
SustAt .                        (no gloves) RegenSP +++....... Dismiss .
                                (no boots) RegenMP +++....... Reflect .
                                (no amulet)
MR     +....     Harm     .     (no ring)
Stlth  .......... NoCast   +    (no ring)

@: quick, mesmerised, very slightly contaminated, invisible, very quick,
somewhat resistant to hostile enchantments, extremely unstealthy
A: electricity resistance
a: Berserk, Trog's Hand, Brothers in Arms, Burn Spellbooks, Renounce Religion
}: 1/20 runes: barnacled


You were on level 4 of the Shoals.
You worshipped Trog.
Trog was exalted by your worship.
You were not hungry.

You visited 4 branches of the dungeon, and saw 25 of its levels.

You collected 4780 gold pieces.
You spent 4709 gold pieces at shops.

Inventory:

Hand Weapons
 a - a +2 battleaxe of electrocution
 b - a +9 battleaxe of flaming (weapon)
 u - a +2 demon blade of draining
 v - the +8 hand axe of Doom {elec, +Rage Int-3 SInv}
   (Trog gifted it to you on level 5 of the Lair of Beasts)

   Occasionally, upon striking a foe, it will discharge some electrical energy
   and cause terrible harm.
   It affects your intelligence (-3).
   It lets you see invisible.
   It lets you go berserk.
 x - a +9 battleaxe of venom
 z - a +4 executioner's axe of feathers
 I - a +2 demon trident of venom
 L - the +9 heavy crossbow "Sniper" {shredding, nevermiss, SInv}
   (You bought it in a shop on level 1 of the Shoals)

   Any bolt fired from it inflicts extra damage.
   It lets you see invisible.
 O - a +4 antimagic battleaxe
Missiles
 M - 23 arrows of flame
 N - 9 needles of paralysis
Armour
 d - a +2 plate armour
 j - a +2 robe
 k - a +0 large shield
 o - the +2 helmet "Fesuom" (worn) {-Cast RegenHP+ Dex+2}
   (You bought it in a shop on level 5 of the Dungeon)

   It affects your dexterity (+2).
   It prevents spellcasting.
   It increases your rate of regeneration.
 E - a +0 troll leather armour
 H - a +2 plate armour of poison resistance (worn)
Rods
 C - a +2 rod of clouds (13/13)
   (You bought it in a shop on level 1 of the Orcish Mines)
 P - a +4 lightning rod (11/11)
   (You took it off a siren on level 4 of the Shoals)
Jewellery
 c - a +5 ring of dexterity
 e - an uncursed ring of sustain attributes
 f - an uncursed ring of positive energy
 m - an uncursed ring of positive energy
 n - an uncursed ring of protection from cold
 q - an uncursed ring of flight
 r - an uncursed ring of see invisible {unknown}
 y - an uncursed ring of wizardry {unknown}
 D - an uncursed ring of stealth {unknown}
 F - a +3 ring of protection {unknown}
 G - an uncursed ring of protection from cold
Wands
 g - a wand of digging (9/12)
 h - a wand of disintegration (32/72)
 i - a wand of paralysis (26/48)
 l - a wand of random effects (74/144)
 p - a wand of heal wounds (0/9)
 s - a wand of lightning (11/30)
 t - a wand of slowing (52/96)
 w - a wand of polymorph (14/24)
 A - a wand of enslavement (9/24)
 B - a wand of flame (5/48)
 J - a wand of iceblast (23/45)
 K - a wand of acid (9/15)
Scrolls
 i - 7 scrolls of random uselessness
 l - 9 scrolls of fog
 q - 10 scrolls of enchant armour
 r - 7 scrolls of teleportation
 u - a scroll of recharging
 v - 4 scrolls of identify
 y - a scroll of fear
 A - 2 scrolls of blinking
 B - 6 scrolls of immolation
 C - 7 scrolls of remove curse
 E - 3 scrolls of silence
 G - 3 scrolls of magic mapping
 J - 3 scrolls of noise
Potions
 b - 11 potions of stamina
 c - 18 potions of magic
 d - 2 potions of curing
 e - 6 potions of brilliance
 f - 11 potions of degeneration
 g - 6 potions of lignification
 j - 9 potions of agility
 k - 5 potions of flight
 m - a potion of berserk rage
 n - 7 potions of ambrosia
 o - 5 potions of mutation
 p - 5 potions of haste
 s - 4 potions of invisibility
 t - 8 potions of might {unknown}
 z - 5 potions of cancellation {unknown}
 F - 2 potions of cure mutation {unknown}
Books
 a - a book of the Warp

   Spells                             Type                      Level
   a - Recall                         Summoning/Translocation      3
   b - Portal Projectile              Translocation/Air            3
   c - Gell's Gravitas                Hexes/Translocation          3
   d - Force Lance                    Conjuration/Translocation    4
   e - Warp Weapon                    Charms/Translocation         5
   f - Summon Forest                  Summoning/Translocation/Earth 5
   Trog disapproves of the use of such an item.
 w - a book of Fire

   Spells                             Type                      Level
   a - Ignite Poison                  Fire/Transmutation/Poison    3
   b - Fireball                       Conjuration/Fire/Light       5
   c - Bolt of Fire                   Conjuration/Fire             6
   d - Delayed Fireball               Conjuration/Fire/Time        7
   e - Ring of Flames                 Charms/Fire                  7
   Trog disapproves of the use of such an item.
 x - a book of the Void

   Spells                             Type                      Level
   a - Invisibility                   Charms/Transmutation/Darkness 6
   b - Shadow Creatures               Summoning/Darkness           6
   c - Darkness                       Hexes/Darkness               6
 d - Malign Gateway Summoning/Translocation/Darkne7
 e - Summon Greater Demon Summoning/Darkness 7 Trog disapproves of the use of such an item.
 D - a book of Cantrips

   Spells                             Type                      Level
   a - Confusing Touch                Darkness                     1
   b - Animate Skeleton               Necromancy                   1
   c - Summon Small Mammal            Summoning                    1
   d - Apportation                    Translocation                1
   Trog disapproves of the use of such an item.
 H - a book of Callings

   Spells                             Type                      Level
   a - Summon Small Mammal            Summoning                    1
   b - Call Imp                       Summoning/Darkness           2
   c - Call Canine Familiar           Summoning/Earth              3
   d - Summon Guardian Golem          Hexes/Summoning/Earth        3
   e - Summon Ice Beast               Ice/Summoning                4
   f - Summon Lightning Spire         Summoning/Air                5
   Trog disapproves of the use of such an item.
 I - a book of Transfigurations

   Spells                             Type                      Level
   a - Irradiate                      Conjuration/Light            5
   b - Statue Form                    Transmutation/Earth/Time     6
   c - Hydra Form                     Transmutation/Air            6
   d - Dragon Form                    Fire/Transmutation           7
   Trog disapproves of the use of such an item.
 K - a book of Death

   Spells                             Type                      Level
   a - Corpse Rot                     Transmutation/Necromancy     2
   b - Sublimation of Blood           Necromancy                   2
   c - Agony                          Hexes/Necromancy/Darkness    5
 d - Dispel Undead Transmutation/Necromancy/Light5
 e - Excruciating Wounds Charms/Necromancy 5
 f - Bolt of Draining Conjuration/Necromancy/Time 5 Trog disapproves of the use of such an item.


   Skills:
 + Level 14.0 Fighting
 + Level 14.5 Axes
 * Level 6.3 Polearms
 + Level 12.6 Armour
 + Level 9.6 Dodging


You had 17 spell levels left.
You didn't know any spells.

Dungeon Overview and Level Annotations

Branches:
Dungeon (7/7)               Dwarf (0/4) Orc:4           Elf (0/4) Orc:5
 Forest (0/7) Orc:7          Lair (7/7) D:7             Orc (7/7) Lair:7
 Shoals (4/4) Lair:4        Snake (0/4) Lair:5       Spider (0/4) Orc:5
  Swamp (0/4) Lair:5

Altars:
Ashenzari
Cheibriados
Dithmenos
Elyvilon
Hepliaklqana
Nemelex Xobeh
Okawaru
Qazlal
Uskayaw
The Shining One
Beogh

Shops:
D:4 ?!   D:5 [   Orc:1 }   Orc:7 }(?!   Shoals:1 (   Shoals:3 ((*!*

Portals:
Pandemonium: Orc:7

Annotations:
Shoals:4 Ilsuiw


Innate Abilities, Weirdness & Mutations

You are resistant to electric shocks. (rElec)


Message History

The snapping turtle bites you from afar. (hp-2)
* * * LOW HITPOINT WARNING * * *
The merfolk impaler hits you from afar with a demon trident of pain! (hp-8)
* * * LOW HITPOINT WARNING * * *; The siren chants its luring song.
The merfolk hits you from afar with a trident. (hp-3)
* * * LOW HITPOINT WARNING * * *
The merfolk impaler hits you from afar with a trident of protection. (hp-5)
* * * LOW HITPOINT WARNING * * *
The merfolk aquamancer resists with almost no effort.
This wand has 9 charges left.
You're getting fired up.
The merfolk javelineer throws a poisoned javelin.
The poisoned javelin hits you but does no damage.
The merfolk misses you. The merfolk impaler closely misses you.
The merfolk impaler misses you.
The merfolk hits you from afar with a trident. (hp-6)
* * * LOW HITPOINT WARNING * * *
The merfolk aquamancer hits you but does no damage.
The merfolk aquamancer appears unharmed.
The merfolk aquamancer barely misses you.
The siren chants its luring song.
The snapping turtle bites you from afar! (hp-9)
You die...

...≈≈≈≈≈≈≈≈ ≈≈≈≈≈≈≈≈≈≈≈≈≈≈≈
..≈≈≈≈≈≈≈≈≈≈≈≈≈≈≈≈≈≈≈≈≈≈≈≈..≈≈
..≈≈≈≈≈≈≈≈≈≈≈≈≈≈≈≈≈≈≈≈≈≈≈≈≈≈≈≈
..≈≈≈≈≈≈≈≈≈≈≈≈≈≈≈≈≈≈≈≈≈≈≈
..≈≈≈≈≈≈≈≈≈≈≈≈≈≈≈≈≈≈≈≈≈≈≈
...≈≈≈≈≈≈≈≈≈≈≈≈≈≈≈≈≈≈≈≈≈≈
...≈≈≈≈≈≈≈≈≈≈≈≈mm≈t≈≈≈≈≈.
....≈≈≈≈≈≈≈≈≈≈≈m≈≈≈≈≈≈≈≈.
.......≈≈≈≈≈≈≈m)@≈m......
.........≈≈≈≈≈≈≈mmm......
.........≈≈≈≈≈...m....≈#≈
..................E{.≈#≈≈
..................E..#≈≈≈
.....................≈≈≈≈
...................E.#≈≈≈
.....................≈#≈≈
......................≈#≈


You could see 2 merfolk impalers, a merfolk javelineer, 2 merfolk aquamancers, a
snapping turtle, 3 merfolk, 3 water elementals and a siren.

Vanquished Creatures
  Saint Roka (Orc:7)
  3 orc warlords
  6 stone giants
  2 ettins
  2 merfolk javelineers (Shoals:4)
  6 merfolk impalers
  Snorg (Lair:7)
  5 catoblepae
  12 hydras
  4 merfolk avatars (Shoals:4)
  4 merfolk aquamancers
  5 satyrs
  9 death yaks (Lair:7)
  An ogre mage (Orc:5)
  13 orc high priests
  Nergalle (Orc:4)
  14 sea snakes
  2 fire crabs (Lair:7)
  A torturous demonspawn (Orc:7)
  Sonja (Lair:1)
  16 orc sorcerers
  15 fauns
  12 griffons
  11 orc knights
  15 cyclopes
  6 oklob plants (Lair:5)
  21 harpies
  Pikel (Lair:4)
  6 manticores (Shoals:4)
  27 elephants (Lair:7)
  An orb spider (Orc:5)
  7 water nymphs
  10 sirens
  2 torpor snails
  12 black mambas
  A rust devil (Orc:7)
  An orange demon (Orc:7)
  A smoke demon (Orc:7)
  11 komodo dragons
  17 spiny frogs
  A yaktaur (Shoals:3)
  38 merfolk
  8 snapping turtles
  3 wind drakes
  3 rime drakes
  Psyche (Orc:6)
  2 boulder beetles
  9 trolls
  A polar bear (Lair:2)
  12 two-headed ogres
  49 blink frogs
  4 swamp worms (Lair:5)
  52 yaks
  12 hippogriffs
  15 water elementals
  A ynoxinul (Orc:7)
  A basilisk (Lair:2)
  2 hogs (Orc:4)
  5 wyverns (Orc:4)
  A neqoxec (Orc:7)
  13 wargs
  8 black bears
  A phantom (D:6)
  Eustachio (Lair:3)
  22 water moccasins
  2 ice beasts
  2 sky beasts
  3 slaves (Lair:4)
  32 ogres
  10 crocodiles
  7 porcupines
  62 orc warriors
  3 big kobolds (Orc:4)
  5 centaurs
  6 wolves
  3 gnoll sergeants
  18 giant frogs
  A water moccasin skeleton (D:4)
  2 scorpions
  2 giant frog zombies
  Terence (D:3)
  2 centaur zombies (D:6)
  A giant frog skeleton (D:6)
  2 crimson imps
  8 electric eels
  A dart slug (D:2)
  4 hounds
  2 howler monkeys (D:4)
  53 orc priests
  47 orc wizards
  Natasha (thrice) (D:4)
  11 giant geckos
  5 gnoll shamans
  6 iguanas
  224 orcs
  A quasit (D:6)
  66 sheep
  10 worker ants
  16 adders
  6 giant cockroaches
  43 gnolls
  11 goblins
  14 hobgoblins
  5 jackals
  3 quokkas
  38 river rats
  An adder skeleton (D:7)
  An adder zombie (D:5)
  5 ball pythons
  A ball python skeleton (D:5)
  11 bats
  12 giant newts
  A hound skeleton (D:5)
  2 hound zombies
  A jackal skeleton (D:4)
  A jackal zombie (D:5)
  12 kobolds
  An ooze (D:4)
  25 rats
  A worker ant zombie (D:5)
  3 worms
  A bush (Shoals:3)
  A butterfly (Lair:5)
  13 fungi
  55 plants
1440 creatures vanquished.

Vanquished Creatures (others)
  A slave (Lair:4)
  An ogre (Orc:5)
  2 orc warriors
  6 orcs (Orc:4)
  30 plants
40 creatures vanquished.

Grand Total: 1480 creatures vanquished

Notes
Turn   | Place    | Note
-------+----------+-------------------------------------------
     0 | D:1      | Ihatecarrots00 the Lava Orc Berserker began the quest for the Orb.
     0 | D:1      | Reached XP level 1. HP: 39/39 MP: 100/100
    82 | D:1      | Reached XP level 2. HP: 51/51 MP: 100/100
   128 | D:1      | Reached XP level 3. HP: 63/63 MP: 100/100
   129 | D:1      | Reached ** piety under Trog
   270 | D:1      | Reached skill level 5 in Axes
   496 | D:2      | Reached XP level 4. HP: 10/76 MP: 100/100
   589 | D:2      | Reached *** piety under Trog
  1152 | D:3      | Noticed Terence
  1180 | D:3      | Killed Terence
  1310 | D:3      | Reached XP level 5. HP: 88/88 MP: 100/100
  1469 | D:3      | Reached **** piety under Trog
  2319 | D:4      | Found a shadowy altar of Dithmenos.
  2576 | D:4      | Found Zituotuc's Distillery.
  2708 | D:4      | Noticed Natasha
  2722 | D:4      | Killed Natasha
  2853 | D:4      | Noticed Natasha
  2871 | D:4      | Killed Natasha
  2891 | D:4      | Found a faded altar of an unknown god.
  2892 | D:4      | Noticed Natasha
  2896 | D:4      | Killed Natasha
  3065 | D:4      | Found Millik's Magic Scroll Emporium.
  3069 | D:4      | Bought a scroll of enchant armour for 105 gold pieces
  3069 | D:4      | Bought a scroll of enchant weapon for 105 gold pieces
  3227 | D:4      | Reached ***** piety under Trog
  4070 | D:5      | Entered Level 5 of the Dungeon
  4207 | D:5      | Received a gift from Trog
  4251 | D:5      | Reached XP level 6. HP: 100/100 MP: 100/100
  4352 | D:5      | Found Ziemno's Armour Emporium.
  4546 | D:5      | Found a stormy altar of Qazlal.
  4546 | D:5      | Found an iron altar of Okawaru.
  4547 | D:5      | Found a sparkling altar of Nemelex Xobeh.
  4548 | D:5      | Found a snail-covered altar of Cheibriados.
  4549 | D:5      | Found a hide-covered altar of Uskayaw.
  4550 | D:5      | Found a glowing golden altar of the Shining One.
  4554 | D:5      | Found a hazy altar of Hepliaklqana.
  5101 | D:6      | Reached skill level 5 in Fighting
  5983 | D:7      | Entered Level 7 of the Dungeon
  6081 | D:7      | Reached XP level 7. HP: 112/112 MP: 100/100
  7093 | D:7      | Reached ****** piety under Trog
  7226 | D:7      | Found a staircase to the Lair.
  7327 | D:7      | Received a gift from Trog
  7722 | Lair:1   | Entered Level 1 of the Lair of Beasts
  7835 | Lair:1   | Reached XP level 8. HP: 124/124 MP: 100/100
  8009 | Lair:1   | Reached XP level 9. HP: 115/136 MP: 100/100
  8050 | Lair:1   | Noticed Sonja
  8067 | Lair:1   | Killed Sonja
  8127 | Lair:1   | Reached skill level 5 in Armour
  8624 | Lair:1   | Reached XP level 10. HP: 134/148 MP: 100/100
  9464 | D:5      | Bought the +2 helmet "Fesuom" {-Cast RegenHP+ Dex+2} for 205 gold pieces
  9601 | Lair:2   | Received a gift from Trog
 10227 | Lair:2   | Reached XP level 11. HP: 142/159 MP: 100/100
 10251 | Lair:2   | Found a frozen archway.
 11480 | Lair:3   | Noticed a catoblepas
 11503 | Lair:3   | Killed a catoblepas
 12057 | Lair:3   | Noticed a two-headed hydra
 12071 | Lair:3   | Killed an 11-headed hydra
 12345 | Lair:3   | Received a gift from Trog
 12511 | Lair:3   | Noticed Eustachio
 12535 | Lair:3   | Killed Eustachio
 13414 | Lair:4   | Found a staircase to the Shoals.
 13794 | Lair:4   | Noticed Pikel
 13805 | Lair:4   | Killed Pikel
 14676 | Lair:5   | Found a staircase to the Snake Pit.
 14697 | Lair:5   | Reached XP level 12. HP: 170/170 MP: 100/100
 14760 | Lair:5   | Found a white marble altar of Elyvilon.
 14864 | Lair:5   | Reached skill level 5 in Dodging
 15557 | Lair:5   | Got an ancient rapier
 15621 | Lair:5   | Received a gift from Trog
 15635 | Lair:5   | Got a smoking hand axe {god gift}
 15830 | Lair:5   | Identified the +8 hand axe of Doom {elec, +Rage Int-3 SInv} (Trog gifted it to you on level 5 of the Lair of Beasts)
 15831 | Lair:5   | Identified the +3 rapier of Gaggeolo {holy, +Inv rF+ Stlth+} (You found it on level 5 of the Lair of Beasts)
 16459 | Lair:5   | Found a staircase to the Swamp.
 16870 | Lair:6   | Reached XP level 13. HP: 182/182 MP: 100/100
 18571 | Lair:7   | Entered Level 7 of the Lair of Beasts
 18642 | Lair:7   | Received a gift from Trog
 18668 | Lair:7   | Found a staircase to the Orcish Mines.
 18870 | Lair:7   | Found a shattered altar of Ashenzari.
 18917 | Lair:7   | Noticed Snorg
 18928 | Lair:7   | Killed Snorg
 18928 | Lair:7   | Reached skill level 10 in Axes
 18953 | Lair:7   | Reached XP level 14. HP: 177/194 MP: 100/100
 19491 | Lair:7   | Received a gift from Trog
 19517 | Lair:7   | Reached skill level 10 in Fighting
 19812 | Lair:7   | Reached XP level 15. HP: 145/206 MP: 100/100
 20523 | Orc:1    | Entered Level 1 of the Orcish Mines
 20533 | Orc:1    | Received a gift from Trog
 20581 | Orc:1    | Found Quek's Gadget Emporium.
 20831 | Orc:2    | Received a gift from Trog
 21131 | Orc:1    | Found a roughly hewn altar of Beogh.
 21163 | Orc:1    | Identified a scroll of acquirement
 21227 | Orc:1    | Bought a +2 rod of clouds (13/13) for 1798 gold pieces
 21646 | Orc:4    | Received a gift from Trog
 21821 | Orc:4    | Noticed Nergalle
 21831 | Orc:4    | Killed Nergalle
 21927 | Orc:4    | Found a roughly hewn altar of Beogh.
 22131 | Orc:4    | Received a gift from Trog
 22401 | Orc:4    | Found a staircase to the Dwarven Fortress.
 22756 | Orc:4    | Reached skill level 10 in Armour
 23950 | Orc:5    | Received a gift from Trog
 24420 | Orc:6    | Received a gift from Trog
 24441 | Orc:6    | Noticed Psyche
 24451 | Orc:6    | Killed Psyche
 24456 | Orc:6    | HP: 6/209 [stone giant (20)]
 24575 | Orc:5    | Found a staircase to the Elven Halls.
 24585 | Orc:5    | Received a gift from Trog
 24590 | Orc:5    | Reached XP level 16. HP: 221/221 MP: 100/100
 24698 | Orc:5    | Found a hole to the Spider Nest.
 24948 | Orc:5    | Received a gift from Trog
 25485 | Orc:7    | Entered Level 7 of the Orcish Mines
 25595 | Orc:7    | Found a staircase to the Enchanted Forest.
 25812 | Orc:7    | Noticed Saint Roka
 25837 | Orc:7    | Killed Saint Roka
 25837 | Orc:7    | Received a gift from Trog
 25898 | Orc:7    | Found Kidoe's Magic Scroll Boutique.
 25921 | Orc:7    | Found Aficsaxe's Distillery.
 25956 | Orc:7    | Bought a scroll of teleportation for 48 gold pieces
 25956 | Orc:7    | Bought a scroll of recharging for 152 gold pieces
 25956 | Orc:7    | Bought a scroll of identify for 32 gold pieces
 25956 | Orc:7    | Bought a scroll of enchant armour for 120 gold pieces
 26387 | Orc:7    | Paralysed by an orc sorcerer for 5 turns
 26392 | Orc:7    | Received a gift from Trog
 26475 | Orc:7    | Found Labu's Antique Weapon Emporium.
 26475 | Orc:7    | Found a one-way gate leading to the halls of Pandemonium.
 26475 | Orc:7    | Found Sietunuf's Gadget Shoppe.
 26479 | Orc:7    | Bought a wand of enslavement (10/24) for 204 gold pieces
 26968 | Shoals:1 | Entered Level 1 of the Shoals
 26976 | Shoals:1 | Reached XP level 17. HP: 223/233 MP: 100/100
 27028 | Shoals:1 | Found Qudi's Antique Weapon Emporium.
 27564 | Shoals:1 | Reached skill level 1 in Polearms
 27590 | Shoals:1 | Received a gift from Trog
 28045 | Shoals:1 | Bought the +9 heavy crossbow "Sniper" {shredding, nevermiss, SInv} for 1708 gold pieces
 28534 | Shoals:3 | Found Naulowoi's General Store.
 28541 | Shoals:3 | Found Zuuk's Weapon Shop.
 28543 | Shoals:3 | Bought a potion of heal wounds for 136 gold pieces
 28562 | Shoals:3 | Found Dedemaem's Weapon Emporium.
 28978 | Shoals:3 | Found Niajuz's Distillery.
 28980 | Shoals:3 | Found Viereoq's General Store.
 29010 | Shoals:3 | Bought a potion of heal wounds for 96 gold pieces
 29421 | Shoals:4 | Entered Level 4 of the Shoals
 29444 | Shoals:4 | Received a gift from Trog
 29622 | Shoals:4 | Reached skill level 5 in Polearms
 29627 | Shoals:4 | Gained mutation: You are resistant to electric shocks. (rElec) [potion of beneficial mutation]
 29661 | Shoals:4 | Got a barnacled rune of Zot
 29718 | Shoals:4 | Reached XP level 18. HP: 98/245 MP: 100/100
 30115 | Shoals:4 | Received a gift from Trog
 30683 | Shoals:4 | Received a gift from Trog
 30968 | Shoals:4 | Noticed Ilsuiw
 30974 | Shoals:4 | HP: 18/245 [merfolk impaler/demon trident of pain (8)]
 30975 | Shoals:4 | HP: 6/245 [merfolk/trident (6)]
 30975 | Shoals:4 | Slain by a snapping turtle

Skill      XL: |  1  2  3  4  5  6  7  8  9 10 11 12 13 14 15 16 17 18 |
---------------+-------------------------------------------------------+-----
Axes           | 5 6 7 8 9 10 11 12 13 14 | 14.5
Armour         | 3 4 5 6 7 8 9 10 11 12 | 12.6
Dodging        | 2 3 4 5 6 7 8 9 |  9.6
Fighting       | 5 6 7 8 9 10 11 12 13 14 | 14.0
Polearms       | 5 6 |  6.3

Action                   |  1- 3 |  4- 6 |  7- 9 | 10-12 | 13-15 | 16-18 || total
-------------------------+-------+-------+-------+-------+-------+-------++-------
Melee: Hand axe          |    93 |   579 |   324 |    23 |       |       ||  1019
       Broad axe         |       |       |       |   236 |       |       ||   236
       Battleaxe         |       |       |       |   326 |   858 |  1017 ||  2201
       Unarmed           |       |       |       |       |    20 |       ||    20
 Fire: Heavy crossbow    |       |       |       |       |       |    13 ||    13
Invok: Burn Spellbooks   |       |       |     1 |     2 |     2 |     1 ||     6
       Berserk           |       |       |       |     1 |     6 |     6 ||    13
Evoke: Wand              |       |       |       |       |     1 |    13 ||    14
  Use: Scroll            |       |    18 |       |    12 |    21 |     3 ||    54
       Potion            |       |       |       |     3 |     5 |    32 ||    40
 Stab: Sleeping          |       |       |       |       |     4 |     2 ||     6
       Held in net/web   |       |       |       |       |       |     1 ||     1
Armor: Animal skin       |    20 |     7 |       |       |       |       ||    27
       Plate armour      |       |   273 |   222 |   483 |   825 |  1303 ||  3106
       Robe              |       |       |       |       |    29 |     8 ||    37
Dodge: Dodged            |    70 |   238 |   129 |   319 |   766 |   997 ||  2519
Block: Shield            |       |   202 |       |       |       |       ||   202
       Large shield      |       |    47 |   332 |   332 |       |       ||   711
